 Dungeon Crawl Stone Soup version 0.29-a0-380-gf50f0a9fbc (webtiles) character file.

Game seed: 4317675704458487260

210 ytrimaz the Skirmisher (level 5, -3/37 HPs)
             Began as a Demonspawn Fighter on May 5, 2022.
             Slain by an iguana (7 damage)
             ... on level 4 of the Dungeon.
             The game lasted 00:03:25 (3825 turns).

ytrimaz the Skirmisher (Demonspawn Fighter)         Turns: 3825, Time: 00:03:26

Health: -3/37      AC:  8    Str: 18    XL:     5   Next: 56%
Magic:  5/5        EV: 10    Int: 13    God:
Gold:   100        SH:  0    Dex: 12    Spells: 4/4 levels left

rFire   . . .      SeeInvis .   a - +1 rapier
rCold   . . .      Faith    .   (no shield)
rNeg    + . .      Spirit   .   b - +0 scale mail
rPois   .          Reflect  .   e - +2 helmet {Int+3}
rElec   .          Harm     .   i - +0 cloak
rCorr   .          Rampage  .   (no gloves)
Will    .....                   (no boots)
Stlth   ..........              (no amulet)
HPRegen 0.12/turn               r - ring of positive energy
MPRegen 0.18/turn               j - ring of flight

@: mighty, flying
A: powered by pain 1, magic regeneration, demonic touch 1, hooves 1, deformed
body, frail 1
a: no special abilities


You were on level 4 of the Dungeon.
You visited 1 branch of the dungeon, and saw 4 of its levels.

You collected 100 gold pieces.

Inventory:

Hand Weapons
 a - a +1 rapier (weapon)
Armour
 b - a +0 scale mail (worn)
 c - a +0 buckler
 e - a +2 helmet of intelligence (worn)
 i - a +0 cloak (worn)
Jewellery
 j - a ring of flight (right hand)
 r - a ring of positive energy (left hand)
Wands
 t - a wand of flame (18)
Scrolls
 h - 2 scrolls of fog
 k - a scroll of identify
 o - a scroll of poison
 s - a scroll of summoning {unknown}
 u - a scroll of brand weapon {unknown}
 v - 2 scrolls of immolation {unknown}
 x - a scroll of amnesia {unknown}
Potions
 d - a potion of might
 f - a potion of brilliance
 g - 2 potions of haste
 l - 2 potions of attraction
 p - a potion of ambrosia {unknown}
 q - a potion of invisibility {unknown}
 w - a potion of cancellation {unknown}


   Skills:
 + Level 3.9 Fighting
 + Level 3.3 Short Blades
 + Level 3.6 Armour
 * Level 2.1 Dodging
 - Level 2.6 Shields


You had 4 spell levels left.
You didn't know any spells.
Your spell library contained the following spells:

 Spells                   Type           Power      Damage    Failure   Level
 Ozocubu's Armour         Ice            0%         N/A       96%         3
 Metabolic Englaciation   Hex/Ice        0%         N/A       100%        5
 Simulacrum               Ice/Necr       0%         N/A       100%        6


Dungeon Overview and Level Annotations

Branches:
Dungeon (4/15)
 Temple: D:4-7

Altars:
Hepliaklqana
Qazlal


Innate Abilities, Weirdness & Mutations

You sometimes gain a little power by taking damage.
You regenerate magic rapidly.
Your touch may inflict minor irresistible damage on your foes.
You have large cloven feet.
Armour fits poorly on your strangely shaped body.
You are frail. (-10% HP)


Message History

A dart slug is nearby!
A dart slug is nearby!
Found a scroll of identify.
The dart slug launches a dart at you.
The slug dart hits you but does no damage.
An iguana comes into view.
The iguana hisses angrily.
An ice beast comes into view.
Found a hazy altar of Hepliaklqana.
You hit the dart slug. You kick the dart slug.
The dart slug is almost dead.
The dart slug launches a dart at you. The slug dart misses you.
The iguana hisses menacingly.
You hit the dart slug.
You kill the dart slug!
Unknown command.
The ice beast attacks as you move away!
The ice beast hits you but does no damage.
The ice beast attacks as you move away! The ice beast closely misses you.
You barely miss the ice beast.
You touch the ice beast.
The ice beast is lightly wounded.
The ice beast hits you but does no damage.
You barely miss the ice beast. Your kick misses the ice beast.
The ice beast is lightly wounded.
The ice beast hits you but does no damage.
The iguana closely misses you.
You hit the ice beast but do no damage. Your kick misses the ice beast.
Your touch misses the ice beast.
The ice beast is lightly wounded.
The ice beast hits you but does no damage.
The iguana bites you!
You hit the ice beast but do no damage. Your kick misses the ice beast.
The ice beast is lightly wounded.
The ice beast hits you. The ice beast freezes you! The iguana bites you!
* * * LOW HITPOINT WARNING * * *
You focus on the pain.
You feel very mighty all of a sudden. The iguana attacks as you move away!
The iguana bites you!
You die...

##........#
#.........#
#.........##
#..........#
#..........#
#..........#
##.......#.#
###......##.#
##..@#.#####.#
#..#Yl.# #.#
########..#..##
#.#
#......#..#..# .#
#......#....##
#.........#.#
##.........#.#
##............#
..............#..


You could see an ice beast and an iguana.

Vanquished Creatures
  2 orc priests
  6 adders
  3 worms
  4 dart slugs
  10 orcs
  4 bats
  7 endoplasms
  2 giant cockroaches
  6 goblins
  5 hobgoblins
  6 jackals
  3 quokkas
  3 ball pythons
  3 frilled lizards
  4 kobolds (D:1)
  3 rats (D:3)
71 creatures vanquished.

Notes
Turn   | Place    | Note
-------+----------+-------------------------------------------
     0 | D:1      | ytrimaz the Demonspawn Fighter began the quest for the Orb.
     0 | D:1      | Reached XP level 1. HP: 18/18 MP: 1/1
   168 | D:1      | Gained mutation: You regenerate magic rapidly. [demonic
                  | ancestry]
   168 | D:1      | Reached XP level 2. HP: 21/24 MP: 2/2
   729 | D:2      | Reached skill level 1 in Dodging
   752 | D:2      | Gained mutation: You sometimes gain a little power by
                  | taking damage. [demonic ancestry]
   752 | D:2      | Reached XP level 3. HP: 27/29 MP: 3/3
  1185 | D:2      | Found a faded altar of an unknown god.
  1404 | D:1      | Reached XP level 4. HP: 22/35 MP: 4/4
  2298 | D:3      | Found a stormy altar of Qazlal.
  2601 | D:3      | Gained mutation: Your touch may inflict minor irresistible
                  | damage on your foes. [demonic ancestry]
  2601 | D:3      | Reached XP level 5. HP: 28/42 MP: 5/5
  2911 | D:3      | Gained mutation: You have large cloven feet. [potion of
                  | mutation]
  2911 | D:3      | Gained mutation: You are frail. (-10% HP) [potion of
                  | mutation]
  2911 | D:3      | Gained mutation: Armour fits poorly on your strangely
                  | shaped body. [potion of mutation]
  3807 | D:4      | Found a hazy altar of Hepliaklqana.
  3807 | D:4      | Noticed an ice beast
  3825 | D:4      | Slain by an iguana

Illustrated notes

Levels and vault maps discovered:
D:1:      dpeg_arrival_simpleton_b, layout_basic,
          chequers_serial_rivers_small_a, minmay_split_cup_small
D:2:      layout_loops_corners, ebering_ecumenical_altar_ruins
D:3:      layout_basic, mainiacjoe_overflow_boulevard,
          amcnicky_mini_rare_corridor_liquid, wad_rectangle_vault
D:4:      layout_rooms, nemelex_xobeh_ov_fountains_minmay,
          mainiacjoe_overflow_small_starburst, minmay_temple_entry_glassed_door,
          uniq_grinder, uniq_pikel

Skill      XL: |  1  2  3  4  5 |
---------------+----------------+-----
Armour         | 3 |  3.6
Short Blades   | 2 3 |  3.3
Dodging        | 1 2 |  2.1
Fighting       | |  3.9
Shields        | |  2.6

Action                   |  1- 3 |  4- 6 || total
-------------------------+-------+-------++-------
Melee: Rapier            |   146 |   112 ||   258
       Kick              |       |     3 ||     3
       Touch             |       |     2 ||     2
  Use: Scroll            |     5 |     2 ||     7
       Potion            |       |     3 ||     3
Armor: Scale mail        |    99 |    56 ||   155
Dodge: Dodged            |    83 |    51 ||   134
Block: Buckler           |    41 |    27 ||    68

Table legend: (Time is in decaauts)
 A = Elapsed time spent in this place.
 B = Non-inter-level travel time spent in this place.
 C = Inter-level travel time spent in this place.
 D = Time resting spent in this place.
 E = Time spent auto-exploring this place.
 F = Levels seen in this place.
 G = Mean time per level.
                   A        B        C        D        E       F      G
               +--------+--------+--------+--------+--------+-----+--------+
         Total |   3870 |   3757 |    113 |    256 |   2859 |   4 |  967.5 |
       Dungeon |   3870 |   3757 |    113 |    256 |   2859 |   4 |  967.5 |
               +--------+--------+--------+--------+--------+-----+--------+

Top non-repeatable levels by time:
     D:3: 1513 daAuts
     D:2: 1238 daAuts
     D:1: 1007 daAuts
     D:4: 111 daAuts
